 Dungeon Crawl Stone Soup version 0.23.2-30-g0e89c35649 (webtiles) character file.

Game seed: 10595351397283896725

57213 Electrofox the Fighter (level 14, -3/157 HPs)
             Began as a Troll Monk on June 6, 2019.
             Was the Champion of Wu Jian.
             Slain by a black mamba (14 damage)
             ... on level 2 of the Snake Pit on June 7, 2019.
             The game lasted 04:00:49 (24691 turns).

Electrofox the Fighter (Troll Monk)                Turns: 24691, Time: 04:00:50

Health: -3/157     AC: 10    Str: 32    XL:     14   Next: 44%
Magic:  13/13      EV:  7    Int:  6    God:    Wu Jian [******]
Gold:   1593       SH:  0    Dex: 13    Spells: 13/13 levels left

rFire    . . .     SeeInvis .   j - +6 double sword (flame)
rCold    . . .     Gourm    +   (no shield)
rNeg     . . .     Faith    +   Z - +0 troll leather armour
rPois    +         Spirit   .   (helmet restricted)
rElec    .         Reflect  .   n - +1 cloak
rCorr    .         Harm     .   (gloves unavailable)
MR       +....                  (boots unavailable)
Stlth    ..........             F - amulet of faith
HPRegen  1.16/turn              a - ring of Idecwo {*Contam Str+7 Stlth-}
MPRegen  0.13/turn              P - ring of poison resistance

@: lethally poisoned (-3 -> -4), constricted, invisible
A: large, unfitting armour, claws 3, fast metabolism 3, gourmand, regeneration
1, shaggy fur 1, tough skin 3
a: Wall Jump, Serpent's Lash, Heavenly Storm, Renounce Religion


You were on level 2 of the Snake Pit.
You worshipped Wu Jian.
Wu Jian was exalted by your worship.
You were not hungry.

You visited 4 branches of the dungeon, and saw 21 of its levels.
You also visited: Bailey and Ice Cave.

You collected 1593 gold pieces.

Inventory:

Hand Weapons
 j - a +6 double sword of flaming (weapon)
Missiles
 Q - 8 large rocks (quivered)
Armour
 n - a +1 cloak (worn)
 I - a +1 robe of cold resistance
 Z - a +0 troll leather armour (worn)
Jewellery
 a - the ring of Idecwo (left claw) {*Contam Str+7 Stlth-}
   (You found it on level 6 of the Lair of Beasts)

   [ring of attention]

   It affects your strength (+7).
   It causes magical contamination when unequipped.
   It makes you less stealthy.
 c - a cursed -5 ring of strength {unknown}
 o - an uncursed ring of protection from magic
 F - an amulet of faith (around neck)
 P - a ring of poison resistance (right claw)
 R - an uncursed ring of protection from cold
Wands
 e - a wand of clouds (4)
 l - a wand of acid (8)
 m - a wand of iceblast (13)
 v - a wand of digging (2)
 C - a wand of polymorph (18)
 J - a wand of paralysis (6)
 N - a wand of flame (71)
 V - a wand of disintegration (18)
Scrolls
 d - 7 scrolls of remove curse
 p - 3 scrolls of enchant weapon
 r - 2 scrolls of enchant armour
 t - 8 scrolls of teleportation
 u - 4 scrolls of identify
 y - 4 scrolls of amnesia
 B - 2 scrolls of fog
 E - 2 scrolls of summoning {unknown}
 G - 2 scrolls of immolation {unknown}
 M - a scroll of vulnerability {unknown}
 T - 3 scrolls of fear
 U - 2 scrolls of magic mapping
Potions
 f - 3 potions of heal wounds
 g - 4 potions of flight
 h - 5 potions of curing
 i - 2 potions of cancellation {unknown}
 k - a potion of haste
 q - 5 potions of agility
 w - 2 potions of resistance
 x - 6 potions of mutation
 z - 2 potions of lignification {unknown}
 A - 4 potions of invisibility
 L - 2 potions of degeneration {unknown}
 O - a potion of ambrosia {unknown}
 S - a potion of might {unknown}
Comestibles
 b - 39 rations


   Skills:
 + Level 14.5 Fighting
 + Level 10.4 Long Blades
 - Level 2.4 Dodging
 - Level 1.0 Stealth
 - Level 14.1 Unarmed Combat


You had 13 spell levels left.
You didn't know any spells.
Your spell library contained the following spells:

 Spells                   Type           Power        Failure   Level  Hunger
 Beastly Appendage        Tmut           #.....       50%         1    ##.....
 Corona                   Hex            #......      50%         1    ##.....
 Sandblast                Erth           #.....       50%         1    ##.....
 Sting                    Conj/Pois      #...         50%         1    ##.....
 Blink                    Tloc           N/A          63%         2    ###....
 Passwall                 Tmut/Erth      #.......     63%         2    ###....
 Poisonous Vapours        Pois/Air       #.....       63%         2    ###....
 Shroud of Golubria       Chrm/Tloc      #.........   63%         2    ###....
 Slow                     Hex            #.......     63%         2    ###....
 Sticks to Snakes         Tmut           #.......     63%         2    ###....
 Conjure Flame            Conj/Fire      #.......     86%         3    ####...
 Gell's Gravitas          Tloc           #.........   86%         3    ####...
 Inner Flame              Hex/Fire       #.......     86%         3    ####...
 Lesser Beckoning         Tloc           #.........   86%         3    ####...
 Mephitic Cloud           Conj/Pois/Air  #.......     86%         3    ####...
 Portal Projectile        Hex/Tloc       #.....       86%         3    ####...
 Spider Form              Tmut/Pois      #.........   86%         3    ####...
 Stone Arrow              Conj/Erth      #.....       86%         3    ####...
 Teleport Other           Tloc           #.......     86%         3    ####...
 Cause Fear               Hex            #.........   99%         4    #####..
 Force Lance              Conj/Tloc      #.......     99%         4    #####..
 Ice Form                 Ice/Tmut       #.......     99%         4    #####..
 Leda's Liquefaction      Hex/Erth       #.........   99%         4    #####..
 Passage of Golubria      Tloc           N/A          99%         4    #####..
 Petrify                  Tmut/Erth      #.......     99%         4    #####..
 Blade Hands              Tmut           #.........   100%        5    ######.
 Lee's Rapid Deconstruct  Erth           #.........   100%        5    ######.
 Dispersal                Tloc           #.........   100%        6    #######
 Freezing Cloud           Conj/Ice/Air   #.........   100%        6    #######
 Ring of Flames           Chrm/Fire      #.........   100%        7    #######
 Controlled Blink         Tloc           N/A          100%        8    #######
 Disjunction              Tloc           #.........   100%        8    #######


Dungeon Overview and Level Annotations

Branches:
Dungeon (12/15)            Temple (1/1) D:6            Lair (6/6) D:10
 Shoals (0/4) Lair:4        Snake (2/4) Lair:4        Slime (0/5) Lair:5
    Orc (0/2) D:9

Altars:
Ashenzari
Cheibriados
Dithmenos
Elyvilon
Fedhas
Gozag
Hepliaklqana
Kikubaaqudgha
Makhleb
Nemelex Xobeh
Okawaru
Qazlal
Ru
Sif Muna
Trog
Uskayaw
Vehumet
Wu Jian
Xom
Yredelemnul
Zin
The Shining One
Jiyva

Shops:
D:6 =

Portals:
Trove: D:10 (lose all piety)

Annotations:
D:11 exclusion: wolf spider
Lair:1 3 runed translucent doors, exclusion: 3 doors, Tartanist's ghost, journeyman TrBe
Lair:2 1 runed translucent door, exclusion: door, kubaf's ghost, journeyman HOBe
Lair:4 1 exclusion
Lair:5 1 runed translucent door, exclusion: door
Snake:1 exclusion: 2 downstairs


Innate Abilities, Weirdness & Mutations

You are too large for most types of armour.
You have claws for hands.
Your metabolism is lightning-fast.
You like to eat raw meat.
Your natural rate of healing is unusually fast.
You are covered in fur. (AC +1)
You have extremely tough skin. (AC +3)


Message History

You resist.
* * * LOW HITPOINT WARNING * * *
Cornered, the naga warrior turns to fight! x2
* * * LOW HITPOINT WARNING * * *
The naga warrior constricts you.
The guardian serpent casts a spell at you.
You resist with some effort.
You slash the guardian serpent! You burn the guardian serpent.
You kill the guardian serpent!
The Council accepts your kill.
You feel sick.
You fade into invisibility!
You feel sick.
The black mamba bites you but does no damage.
The naga warrior hits you with a +0 scimitar!!
* * * LOW HITPOINT WARNING * * *
The naga warrior hits you but does no damage.
* * * LOW HITPOINT WARNING * * *
The naga warrior constricts you. The black mamba bites you!
You die...

.#..
#'.## #>.
#...N.###
...
.....N
.N.8.N
N.N...
#N...N###
.#..
#NN##


#SSN# ##N@# #### You could see 4 naga warriors, a guardian serpent, a black
mamba and 2 nagas.

Vanquished Creatures
  A frost giant (IceCv)
  A dire elephant (Lair:6)
  A naga warrior (Snake:1)
  Fannar (D:10)
  A catoblepas (Lair:6)
  6 hydras
  Erica (D:10)
  2 anacondas (Snake:1)
  5 two-headed ogres
  5 death yaks
  A deep troll shaman (Lair:6)
  Urug (D:11)
  An unseen horror (D:12)
  Pikel (D:5)
  The ghost of Supaplex the Sneak, a novice DsTm (D:7)
  3 salamanders (Snake:1)
  A manticore (D:12)
  12 black mambas
  Joseph (D:9)
  3 naga magi (Snake:1)
  A guardian serpent (Snake:2)
  An ice statue (IceCv)
  4 elephants (Lair:6)
  2 gargoyles
  2 centaur skeletons (D:11)
  A torpor snail (Lair:4)
  8 spiny frogs
  3 rime drakes
  3 komodo dragons
  3 trolls
  Grinder (D:5)
  12 polar bears
  A hornet (D:11)
  5 blink frogs (Lair:2)
  5 hippogriffs
  2 dream sheep (Lair:4)
  A shadow (D:12)
  A spriggan (D:7)
  A wraith (D:11)
  35 yaks
  A wyvern (D:9)
  A basilisk (Lair:2)
  Menkaure (D:6)
  11 nagas
  An acid dragon (D:12)
  7 porcupines
  13 water moccasins
  2 sky beasts
  An ice beast (D:10)
  3 black bears
  3 phantoms
  3 slaves (D:5)
  2 necrophages
  6 orc warriors
  The ghost of nullmoose the Charmwright, an amateur DrSk (D:3)
  9 ogres
  30 wolves
  5 centaurs
  2 crocodiles
  A big kobold (D:10)
  13 bullfrogs
  8 gnoll sergeants (Bailey)
  5 scorpions
  5 killer bees (D:8)
  9 wights
  3 howler monkeys (D:9)
  An electric eel (Lair:3)
  5 crimson imps
  3 bullfrog zombies
  2 centaur zombies
  3 quasits
  10 hounds
  3 jellies
  10 orc wizards
  A bullfrog skeleton (D:4)
  6 gnoll shamans (Bailey)
  6 orc priests
  Jessica (D:2)
  7 worker ants
  2 iguanas
  2 hell rats (Lair:5)
  A hound zombie (D:6)
  A worker ant zombie (D:10)
  Robin (D:2)
  9 adders
  A howler monkey skeleton (D:4)
  21 gnolls
  11 river rats (Lair:5)
  3 shadow imps
  An ooze (D:9)
  4 adder skeletons
  3 worms
  3 dart slugs
  6 leopard geckos
  38 orcs
  4 giant cockroaches
  24 goblins
  13 hobgoblins
  12 jackals
  A quokka (D:4)
  8 bats
  5 frilled lizards
  A jackal skeleton (D:6)
  8 kobolds
  A quokka skeleton (D:4)
  2 quokka zombies
  5 rats (D:1)
536 creatures vanquished.

Vanquished Creatures (others)
  A polar bear (IceCv)
  A wolf (IceCv)
  3 fungi
  A plant (Lair:5)
6 creatures vanquished.

Grand Total: 542 creatures vanquished

Notes
Turn   | Place    | Note
-------+----------+-------------------------------------------
     0 | D:1      | Electrofox the Troll Monk began the quest for the Orb.
     0 | D:1      | Reached XP level 1. HP: 22/22 MP: 0/0
   162 | D:1      | Reached XP level 2. HP: 29/29 MP: 1/1
   469 | D:1      | Reached XP level 3. HP: 36/36 MP: 2/2
  1019 | D:2      | Noticed Robin
  1128 | D:2      | Killed Robin
  1128 | D:2      | Reached XP level 4. HP: 41/45 MP: 3/3
  1432 | D:2      | Noticed Jessica
  1439 | D:2      | Killed Jessica
  2001 | D:3      | Found a deep blue altar of Sif Muna.
  2069 | D:3      | Reached XP level 5. HP: 53/53 MP: 4/4
  2080 | D:3      | Reached skill level 5 in Unarmed Combat
  2143 | D:3      | Found a runed translucent gate.
  2143 | D:3      | Found a runed translucent gate.
  2143 | D:3      | Found a runed translucent gate.
  2144 | D:3      | Noticed nullmoose's ghost (amateur DrSk)
  2874 | D:4      | Noticed an ogre
  2963 | D:4      | Reached XP level 6. HP: 61/62 MP: 5/5
  3227 | D:4      | Found a blossoming altar of Fedhas.
  3413 | D:4      | Found an ornate altar of the Wu Jian Council.
  3414 | D:4      | Found a stormy altar of Qazlal.
  3697 | D:5      | Entered Level 5 of the Dungeon
  3837 | D:5      | Reached XP level 7. HP: 70/70 MP: 6/6
  3868 | D:4      | Found a sacrificial altar of Ru.
  3868 | D:4      | Found a sparkling altar of Nemelex Xobeh.
  3894 | D:4      | Became a worshipper of the Wu Jian Council
  3894 | D:4      | Reached * piety under Wu Jian
  3894 | D:4      | Reached ** piety under Wu Jian
  4136 | D:5      | Noticed Grinder
  4429 | D:5      | Found a shimmering altar of Xom.
  4539 | D:6      | Found Emynnuci's Jewellery Shoppe.
  4825 | D:6      | Found a staircase to the Ecumenical Temple.
  4835 | Temple   | Entered the Ecumenical Temple
  5186 | D:6      | Found a shattered altar of Ashenzari.
  5188 | D:6      | Reached XP level 8. HP: 71/78 MP: 7/7
  5239 | D:6      | Noticed Menkaure
  5265 | D:6      | Killed Menkaure
  5539 | D:6      | Reached skill level 10 in Unarmed Combat
  5867 | D:6      | Reached *** piety under Wu Jian
  5909 | D:7      | Reached XP level 9. HP: 55/84 MP: 8/8
  6197 | D:7      | Reached skill level 5 in Fighting
  6333 | D:7      | Found a runed translucent gate.
  6333 | D:7      | Found a runed translucent gate.
  6333 | D:7      | Found a runed translucent gate.
  6333 | D:7      | Noticed Supaplex's ghost (novice DsTm)
  6662 | D:3      | Killed nullmoose's ghost
  6833 | D:8      | Found an iron altar of Okawaru.
  7747 | D:9      | Reached **** piety under Wu Jian
  7748 | D:9      | Reached XP level 10. HP: 100/104 MP: 9/9
  7835 | D:9      | You fall through a shaft!
  7835 | D:10     | Entered Level 10 of the Dungeon
  7861 | D:10     | Found a flagged portal.
  7882 | Bailey   | Entered a bailey
  8795 | D:10     | Found a portal to a secret trove of treasure.
  8894 | D:10     | Found a staircase to the Lair.
  9011 | D:10     | Noticed Fannar
  9011 | D:10     | Noticed Erica
  9228 | D:9      | Noticed a two-headed ogre
  9304 | D:9      | Noticed Joseph
  9408 | D:9      | Found a sparkling altar of Nemelex Xobeh.
  9415 | D:9      | Reached skill level 10 in Fighting
  9432 | D:9      | Found a hide-covered altar of Uskayaw.
  9473 | D:9      | Found a staircase to the Orcish Mines.
  9560 | D:9      | Found an iron altar of Okawaru.
  9587 | D:9      | Killed Joseph
  9677 | D:9      | Reached ***** piety under Wu Jian
 10110 | D:10     | Killed Fannar
 10110 | D:10     | Reached XP level 11. HP: 109/117 MP: 10/10
 10117 | D:10     | Killed Erica
 10482 | D:11     | Noticed a two-headed ogre
 10563 | D:11     | Noticed a two-headed ogre
 10779 | D:11     | Found a white marble altar of Elyvilon.
 10785 | D:11     | Noticed Urug
 10812 | D:11     | Killed Urug
 11194 | D:11     | Killed a two-headed ogre
 11278 | D:11     | Noticed a two-headed ogre
 11294 | D:11     | Killed a two-headed ogre
 11418 | D:11     | Noticed a wolf spider
 11460 | D:11     | Killed a two-headed ogre
 11894 | D:12     | Killed an unseen horror
 12052 | D:12     | Reached skill level 1 in Long Blades
 12250 | D:12     | Found a hide-covered altar of Uskayaw.
 12628 | Lair:1   | Entered Level 1 of the Lair of Beasts
 12736 | Lair:1   | Reached XP level 12. HP: 130/130 MP: 11/11
 12942 | Lair:1   | Found a runed translucent gate.
 12942 | Lair:1   | Found a runed translucent gate.
 12943 | Lair:1   | Found a runed translucent gate.
 12949 | Lair:1   | Noticed Tartanist's ghost (journeyman TrBe)
 13160 | Lair:1   | Noticed a minotaur
 13579 | Lair:2   | Found a runed translucent door.
 13584 | Lair:2   | Noticed kubaf's ghost (journeyman HOBe)
 14417 | Lair:3   | Noticed a four-headed hydra
 14736 | Lair:3   | Noticed a seven-headed hydra
 15284 | Lair:3   | Killed a one-headed hydra
 15284 | Lair:3   | Reached skill level 5 in Long Blades
 15380 | Lair:4   | Found a staircase to the Shoals.
 15616 | Lair:4   | Found a staircase to the Snake Pit.
 15670 | Lair:4   | Noticed a seven-headed hydra
 15677 | Lair:4   | Killed a five-headed hydra
 15907 | Lair:4   | Noticed a four-headed hydra
 15914 | Lair:4   | Killed a three-headed hydra
 16786 | D:9      | Killed a two-headed ogre
 16911 | D:7      | Killed Supaplex's ghost
 17019 | D:5      | Killed Grinder
 17023 | D:5      | Noticed Pikel
 17038 | D:5      | Killed Pikel
 17038 | D:5      | Reached XP level 13. HP: 81/141 MP: 12/12
 17599 | Lair:5   | Found a runed translucent door.
 17599 | Lair:5   | Found a viscous altar of Jiyva.
 17599 | Lair:5   | Found a staircase to the Slime Pits.
 18362 | Lair:6   | Entered Level 6 of the Lair of Beasts
 19003 | Lair:6   | Found a frozen archway.
 19010 | IceCv    | Entered an ice cave
 19541 | IceCv    | Reached ****** piety under Wu Jian
 19962 | IceCv    | Noticed a frost giant
 20117 | IceCv    | Killed a frost giant
 21260 | Lair:6   | Reached XP level 14. HP: 110/154 MP: 13/13
 21539 | Lair:6   | Got a coiled bone ring
 21541 | Lair:6   | Identified the ring of Idecwo {*Contam Str+7 Stlth-} (You
                  | found it on level 6 of the Lair of Beasts)
 22795 | D:12     | Found a hide-covered altar of Uskayaw.
 23202 | Snake:1  | Entered Level 1 of the Snake Pit
 23355 | Snake:1  | Reached skill level 10 in Long Blades
 23428 | Snake:1  | Identified the Volume of the Noxious Traveller
 24691 | Snake:2  | Slain by a black mamba

Skill      XL: |  1  2  3  4  5  6  7  8  9 10 11 12 13 14 |
---------------+-------------------------------------------+-----
Unarmed Combat | 4 5 7 8 11 12 14 | 14.1
Fighting       | 3 4 8 10 11 12 13 14 | 14.5
Long Blades    | 2 6 9 10 | 10.4
Dodging        | |  2.4
Stealth        | |  1.0

Action                   |  1- 3 |  4- 6 |  7- 9 | 10-12 | 13-15 || total
-------------------------+-------+-------+-------+-------+-------++-------
Melee: Unarmed           |    87 |   168 |   263 |   503 |       ||  1021
       Punch             |     2 |     4 |    13 |    37 |    44 ||   100
       Double sword      |       |       |       |    75 |   443 ||   518
Throw: Stone             |    11 |    11 |     7 |    10 |       ||    39
       Large rock        |       |       |       |     9 |    85 ||    94
Invok: Whirlwind         |       |       |    34 |   101 |    89 ||   224
       Lunge             |       |       |    21 |    73 |    21 ||   115
       Heavenly Storm    |       |       |       |     1 |       ||     1
       Serpent's Lash    |       |       |       |       |     1 ||     1
 Abil: Wall Jump         |       |       |    11 |    22 |    16 ||    49
  Use: Scroll            |       |     1 |     7 |     7 |     8 ||    23
       Potion            |       |       |       |       |     6 ||     6
 Stab: Sleeping          |     4 |     2 |     6 |    11 |     1 ||    24
       Distracted        |       |       |     1 |     3 |     3 ||     7
  Eat: Chunk             |    15 |    25 |    35 |    70 |    54 ||   199
       Ration            |       |       |       |     3 |     5 ||     8
Armor: Robe              |    22 |    61 |    89 |   125 |   131 ||   428
       Troll leather arm |       |       |       |       |    25 ||    25
Dodge: Dodged            |    25 |    77 |    82 |   209 |   240 ||   633
       Rpst.: Double sword |       |       |       |     7 |    57 ||    64
